 Dungeon Crawl Stone Soup version 0.28-a0-297-g99b01970c5 (webtiles) character file.

Game seed: 15917793912761254573

66 McIrco the Covered (level 3, -2/49 HPs)
             Began as a Minotaur Fighter on Aug 29, 2021.
             Killed from afar by Ijyb (6 damage)
             ... with a puff of flame
             ... on level 3 of the Dungeon.
             The game lasted 00:01:58 (1613 turns).

McIrco the Covered (Minotaur Fighter)               Turns: 1613, Time: 00:01:58

Health: -2/49      AC: 21    Str: 21    XL:     3   Next: 96%
Magic:  2/2        EV:  2    Int:  5    God:
Gold:   101        SH:  8    Dex:  9    Spells: 2/2 levels left

rFire   . . .      SeeInvis .   a - +0 war axe
rCold   . . .      Faith    .   c - +0 kite shield
rNeg    + + +      Spirit   .   (armour currently unavailable)
rPois   +          Reflect  .   (helmet currently unavailable)
rElec   .          Harm     .   (cloak currently unavailable)
rCorr   .          Rampage  .   (gloves currently unavailable)
Will    .....      NoTele   +   (boots currently unavailable)
Stlth   +.........              (no amulet)
HPRegen 0.16/turn               (no ring)
MPRegen 0.08/turn               (no ring)

@: tree-form
A: stationary, stasis, torment immunity, boosted hp, (horns 2), (retaliatory
headbutt)
a: no special abilities


You were on level 3 of the Dungeon.
You were a tree.
You visited 1 branch of the dungeon, and saw 3 of its levels.

You collected 101 gold pieces.

Inventory:

Hand Weapons
 a - a +0 war axe (weapon)
Armour
 b - a +0 scale mail (melded)
 c - a +0 kite shield (worn)
 k - a +0 cloak (melded)
Jewellery
 l - a ring of ice
 n - a ring of ice
Scrolls
 g - a scroll of torment {unknown}
 i - a scroll of noise {unknown}
 j - 3 scrolls of identify {unknown}
 m - a scroll of enchant weapon {unknown}
Potions
 d - a potion of might
 e - 2 potions of lignification
 f - 2 potions of heal wounds {unknown}
 h - a potion of flight {unknown}


   Skills:
 + Level 4.1 Fighting
 - Level 2.4 Axes
 + Level 4.7 Armour
 + Level 0.8 Dodging
 + Level 4.5 Shields


You had 2 spell levels left.
You didn't know any spells.
Your spell library contained the following spells:

 Spells                   Type           Power      Damage    Failure   Level
 Beastly Appendage        Tmut           0%         N/A       90%         1
 Wereblood                Tmut           0%         N/A       97%         2
 Spider Form              Tmut/Pois      0%         N/A       99%         3


Dungeon Overview and Level Annotations

Branches:
Dungeon (3/15)

Altars:

Annotations:
D:3 Ijyb


Innate Abilities, Weirdness & Mutations

You are a tree.
Your roots penetrate the ground, keeping you stationary.
You cannot be teleported.
You are immune to unholy pain and torment.
Your maximum health is greatly increased.
Your equipment is partially melded.
((You have a pair of horns on your head.))
((You reflexively headbutt those who attack you in melee.))


Message History

Ijyb is nearby!
Ijyb is nearby!
Ijyb zaps a wand.
The puff of flame hits you.
An adder comes into view.
Your shield prevents you from hitting Ijyb.
Ijyb zaps a wand.
The puff of flame hits you.
You closely miss Ijyb. Ijyb hits you but does no damage.
Ijyb hits you with a +0 dagger.
You hit Ijyb but do no damage.
Ijyb zaps a wand.
The puff of flame misses you. The adder barely misses you.
You block Ijyb's attack.
You hit Ijyb but do no damage. You completely miss the adder.
You block the adder's attack. Ijyb hits you but does no damage.
The adder bites you.
You hit Ijyb.
Ijyb is moderately wounded.
You barely miss the adder. The adder bites you.
Ijyb zaps a wand.
The puff of flame hits you! Ijyb hits you but does no damage.
The adder bites you but does no damage.
You are too injured to fight recklessly!
You are too injured to fight recklessly!
Unknown command.
Your shield and scale mail prevent you from hitting Ijyb.
You headbutt Ijyb.
Ijyb is heavily wounded.
Your scale mail prevents you from hitting the adder.
You block the adder's attack.
Ijyb zaps a wand.
The puff of flame hits you!
* * * LOW HITPOINT WARNING * * *
The adder bites you but does no damage.
Unknown command.
It was a potion of lignification.
You turn into a tree.
Your +0 cloak melds into your body.
Your +0 scale mail melds into your body.
Your roots penetrate the ground.
Ijyb hits you but does no damage. You block the adder's attack.
You closely miss Ijyb.
Ijyb is heavily wounded.
You miss the adder. The adder bites you but does no damage.
You block Ijyb's attack. The adder bites you but does no damage.
Ijyb zaps a wand.
The puff of flame hits you.
You die...

############. #########
#............
#.......######.########.#.
#.#####........# #.##
#.######## #.## #...# #.#.
#.#.# #.#. #####.#.#######
###... .......♣.......
(.### #......gS..#### #.#
# ...###...<.# ##.### ###
##.#..# ##...## #.#..#
####.....# #.....
..........
#.#..#######<....# #.# ..
.........## #######..#


You could see Ijyb and an adder.

Vanquished Creatures
  An adder (D:2)
  A worm (D:2)
  5 dart slugs
  4 ball pythons
  8 endoplasms
  2 giant cockroaches (D:2)
  4 goblins
  3 hobgoblins
  A quokka (D:2)
  4 bats
  A frilled lizard (D:3)
  3 kobolds
  6 rats
43 creatures vanquished.

Notes
Turn   | Place    | Note
-------+----------+-------------------------------------------
     0 | D:1      | McIrco the Minotaur Fighter began the quest for the Orb.
     0 | D:1      | Reached XP level 1. HP: 19/19 MP: 0/0
   177 | D:1      | Reached XP level 2. HP: 27/27 MP: 1/1
   845 | D:2      | Reached XP level 3. HP: 25/33 MP: 2/2
  1107 | D:2      | Found a faded altar of an unknown god.
  1602 | D:3      | Noticed Ijyb
  1613 | D:3      | Killed from afar by Ijyb

Illustrated notes

Levels and vault maps discovered:
D:1:      doesnt_arrival_eight_statues, layout_loops_ring
D:2:      layout_rooms, basic_ecumenical_altar, nrook_mini_backslash,
          nicolae_underground_beach
D:3:      layout_loops_ring, nicolae_hepliaklqana_hippocampus,
          minmay_door_square, uniq_ijyb, uniq_crazy_yiuf_cottage

Skill      XL: |  1  2 |
---------------+-------+-----
Shields        | 4 |  4.5
Armour         | 4 |  4.7
Fighting       | 4 |  4.1
Axes           | |  2.4
Dodging        | |  0.8

Action                   || total
-------------------------++-------
Melee: War axe           ||    87
       Headbutt          ||    14
  Use: Potion            ||     1
Armor: Scale mail        ||    50
       Skin              ||     3
Dodge: Dodged            ||    19
Block: Kite shield       ||    33

Table legend: (Time is in decaauts)
 A = Elapsed time spent in this place.
 B = Non-inter-level travel time spent in this place.
 C = Inter-level travel time spent in this place.
 D = Time resting spent in this place.
 E = Time spent auto-exploring this place.
 F = Levels seen in this place.
 G = Mean time per level.
                   A        B        C        D        E       F      G
               +--------+--------+--------+--------+--------+-----+--------+
         Total |   1666 |   1554 |    112 |     18 |   1242 |   3 |  555.3 |
       Dungeon |   1666 |   1554 |    112 |     18 |   1242 |   3 |  555.3 |
               +--------+--------+--------+--------+--------+-----+--------+

Top non-repeatable levels by time:
     D:1: 859 daAuts
     D:2: 631 daAuts
     D:3: 175 daAuts
